Cogmind - Beta 12 X4 @@@ ROGUE MODE // 2022.11.14 @ 00:30:19 // Halloween2019/Abominations Player: Runia Result: Destroyed by Lesser Abomination with Advanced Beam Cannon Performance ------------- Evolutions (1) 500 Regions Visited (2) 400 Robots Destroyed (12) 60 Value Destroyed (679) 679 Prototype IDs (0) 0 Alien Tech Used (0) 0 Bonus (0) 0 TOTAL SCORE: 1639 Bonus ------- None Cogmind --------- Core Integrity 0/400 Matter 300/300 Energy 100/100 System Corruption 0% Temperature Cool (9) Movement Rolling (95) Ox1 Location -9/Materials Parts ------- > --- POWER (1) -------- (None) > --- PROPULSION (3) --- Wheel > --- UTILITY (3) ------ Medium Storage Unit > --- WEAPON (2) ------- Mace > --- INVENTORY (10) --- Heat Sink High-capacity Matter Pod (200) Seismic Detector Rocket Launcher Peak State ------------ > --- POWER ------------ Ion Engine > --- PROPULSION ------- Light Treads Compact Wheel > --- UTILITY ---------- Small Storage Unit Medium Storage Unit > --- WEAPON ----------- Assault Rifle Light Assault Rifle > --- INVENTORY -------- Light Ion Engine Light Treads Compact Wheel High-capacity Matter Pod Medium Laser Medium Laser Medium Laser [Rating: 7] Favorites ----------- Power Ion Engine Engine Ion Engine Propulsion Light Treads Treads Light Treads Leg Aluminum Leg Wheel Compact Wheel Utility Medium Storage Unit Device Structural Scanner Storage Medium Storage Unit Weapon Light Assault Rifle Energy Gun Medium Laser Ballistic Gun Light Assault Rifle Impact Weapon Mace Build | -11 -10 -9 ------- Run | Scr Mat Mat Slots Evolved 2 | . . 2 Power . | . . . Propulsion 1 | . . 1 Utility 1 | . . 1 Weapon . | . . . Parts Attached 13 | 2 8 3 Power 1 | . 1 . Engine 1 | . 1 . Core . | . . . Reactor . | . . . Propulsion 6 | 2 2 2 Treads 3 | 1 1 1 Leg . | . . . Wheel 3 | 1 1 1 Hover . | . . . Flight . | . . . Utility 2 | . 2 . Device 1 | . 1 . Storage 1 | . 1 . Processor . | . . . Hackware . | . . . Protection . | . . . Artifact . | . . . Weapon 4 | . 3 1 Energy Gun 2 | . 2 . Energy Cannon . | . . . Ballistic Gun 1 | . 1 . Ballistic Cannon . | . . . Launcher . | . . . Special Weapon . | . . . Impact Weapon 1 | . . 1 Slashing Weapon . | . . . Piercing Weapon . | . . . Special Melee Weapon . | . . . Unidentified Prototypes . | . . . Parts Lost 13 | . 7 6 Power 2 | . 1 1 Propulsion 5 | . 3 2 Utility 1 | . . 1 Weapon 5 | . 3 2 Highest Loss Streak 7 | . 7 5 To Critical Strikes . | . . . Average Slot Usage (%) 74 | . 89 46 Engine 10 | . 14 4 Treads 11 | . 14 5 Wheel 7 | . 9 2 Device 8 | . 10 5 Storage 12 | . 14 11 Energy Gun 5 | . 4 6 Ballistic Gun 15 | . 21 6 Impact Weapon 1 | . . 3 Naked Turns . | . . . Heaviest Build 19 | 13 19 17 Greatest Support 20 | 16 20 20 Greatest Overweight (x) 4 | . 1 4 Average Overweight (x) . | . . . Largest Inventory Capacity 10 | 8 10 10 Average Capacity 9 | 8 9 10 Most Carried 9 | 6 9 5 Average Carried 5 | 5 5 4 Final Capacity 10 | 8 10 10 Final Carried 4 | 4 3 4 Class Distribution -------------------- 100% | Mutant Dominant Class ---------------- Mutant | -10/Materials Mutant | -9/Materials Resources | -11 -10 -9 ----------- Run | Scr Mat Mat Matter Collected 602 | 200 371 31 Remotely . | . . . Salvage Created 652 | . 597 55 Parts 38 | . 35 3 Haulers Intercepted . | . . . Recyclers Shooed . | . . . Parts Field Recycled . | . . . Retrieved Matter . | . . . Parts Self-Destructed . | . . . Prevented . | . . . Kills | -11 -10 -9 ------- Run | Scr Mat Mat Combat Hostiles Destroyed 12 | . 11 1 Guns 12 | . 11 1 Classes Destroyed 3 | . 2 1 Grunt 1 | . 1 . Sentry 1 | . . 1 Abomination 10 | . 10 . Best Kill Streak 4 | . 4 1 Combat Bots Only 4 | . 4 1 Max Kills in Single Turn 1 | . 1 1 Gunslinging . | . . . Exploded . | . . . Melee . | . . . Uniques/NPCs Destroyed . | . . . Combat | -11 -10 -9 -------- Run | Scr Mat Mat Damage Taken 1789 | . 1056 733 Core 652 | . 241 411 Absorbed by Shields . | . . . Core Remaining (%) 51 | 100 3 . Volleys Fired 50 | . 39 11 Largest 2 | . 2 2 Hottest 70 | . 70 70 Shots Fired 84 | . 68 16 Gun 84 | . 68 16 Cannon . | . . . Launcher . | . . . Special . | . . . Kinetic 59 | . 48 11 Thermal 25 | . 20 5 Explosive . | . . . Electromagnetic . | . . . Robot Hit Streak 25 | . 25 16 Robot Miss Streak 1 | . 1 1 Penetration Max . | . . . Secondary Targets 1 | . 1 . Max Gunslinging Chain 1 | . 1 . Shots Hit Robots 75 | . 59 16 Core Hits 34 | . 28 6 Critical Kills . | . . . Critical Parts Destroyed . | . . . Critical Strikes 2 | . 2 . Burn 2 | . 2 . Melee Attacks 1 | . . 1 Impact 1 | . . 1 Slashing . | . . . Piercing . | . . . Sneak Attacks . | . . . Combat Hostiles . | . . . Follow-up Attacks . | . . . Damage Inflicted 903 | . 727 176 Guns 867 | . 727 140 Cannons . | . . . Explosions . | . . . Melee 36 | . . 36 Ramming . | . . . Kinetic 527 | . 449 78 Thermal 340 | . 278 62 Explosive . | . . . Electromagnetic . | . . . Impact 36 | . . 36 Slashing . | . . . Piercing . | . . . Highest Corruption . | . . . Average Corruption . | . . . Corruption Purged . | . . . Corruption Blocked . | . . . Overload Shots . | . . . Overflow Damage . | . . . Projectiles . | . . . Explosions . | . . . Melee . | . . . Knockbacks 1 | . . 1 Impact 1 | . . 1 Kinetic . | . . . Secondary . | . . . Self-Inflicted Damage . | . . . Shots . | . . . Rammed . | . . . Targets Rammed . | . . . Kicked . | . . . Crushed . | . . . Highest Temperature 274 | . 274 55 Average Temperature 75 | . 85 19 Received Heat Transfer 597 | . 318 279 Siege Activations . | . . . Robots Corrupted . | . . . Combat Hostiles . | . . . Parts Fried . | . . . Impact Corruptions . | . . . Robots Melted . | . . . Combat Hostiles . | . . . Parts Melted 1 | . . 1 Heat Transferred 383 | . 198 185 Parts Sabotaged . | . . . Parts Stolen . | . . . Parts Stripped . | . . . Power Chain Reactions . | . . . Missiles Intercepted . | . . . Alert | -11 -10 -9 ------- Run | Scr Mat Mat Peak Influence 59 | . 59 30 Initial . | . . . Average 11 | . 13 6 Maximum Alert Level . | . . . Low Security (%) 100 | 100 100 100 Level 1 . | . . . Level 2 . | . . . Level 3 . | . . . Level 4 . | . . . Level 5 . | . . . High Security . | . . . Max Security . | . . . Squads Dispatched 3 | . 1 2 Investigation 2 | . 1 1 Extermination . | . . . Reinforcement 1 | . . 1 Assault . | . . . Garrison . | . . . Intercept . | . . . Searches Triggered . | . . . Construction Impeded . | . . . Haulers Reinforced . | . . . Active Scanning Responses . | . . . Cargo Convoy Interrupts . | . . . Stealth | -11 -10 -9 --------- Run | Scr Mat Mat Distress Signals 4 | . 1 3 Communications Jammed . | . . . Distress Signals . | . . . Times Spotted 14 | . 11 3 Peak Tracking Total 5 | . 5 3 Tactical Retreats . | . . . Traps | -11 -10 -9 ------- Run | Scr Mat Mat Traps Triggered . | . . . Indirectly . | . . . Trap Hack Attempts . | . . . Triggered . | . . . Disarmed . | . . . Reprogrammed . | . . . Reused . | . . . Traps Extracted . | . . . Installed . | . . . Triggered . | . . . Machines | -11 -10 -9 ---------- Run | Scr Mat Mat Machines Disabled . | . . . Max in Single Turn . | . . . Machines Sabotaged . | . . . Overloaded Fab Kills . | . . . Hacking | -11 -10 -9 --------- Run | Scr Mat Mat Machines Accessed 2 | . 2 . Terminals 2 | . 2 . Fabricators . | . . . Repair Stations . | . . . Recycling Units . | . . . Scanalyzers . | . . . Garrison Access . | . . . Total Hacks 3 | . 3 . Successful 2 | . 2 . Failed 1 | . 1 . Catastrophic . | . . . Database Lockouts . | . . . Manual . | . . . Terminals 3 | . 3 . Fabricators . | . . . Repair Stations . | . . . Recycling Units . | . . . Scanalyzers . | . . . Garrison Access . | . . . Terminal Hacks 2 | . 2 . Hauler Manifests 1 | . 1 . Zone Layout 1 | . 1 . Fabricator Hacks . | . . . Repair Station Hacks . | . . . Recycling Unit Hacks . | . . . Scanalyzer . | . . . Garrison Access Hacks . | . . . Unauthorized Hacks . | . . . Terminals . | . . . Fabricators . | . . . Repair Stations . | . . . Recycling Units . | . . . Scanalyzers . | . . . Garrison Access . | . . . Data Cores Recovered . | . . . Used . | . . . Hacking Detections 2 | . 2 . Full Trace Events . | . . . Feedback Events . | . . . Feedback Blocked . | . . . Robot Schematics Acquired . | . . . Robots Built . | . . . Authchips . | . . . Time . | . . . Total Robot Build Rating . | . . . Part Schematics Acquired . | . . . Parts Built . | . . . Authchips . | . . . Time . | . . . Total Part Build Rating . | . . . Parts Repaired . | . . . Time . | . . . Parts Recycled . | . . . Recycled Matter . | . . . Retrieved Matter . | . . . Retrieved Components . | . . . Parts Scanalyzed . | . . . Part Schematics Acquired . | . . . Parts Damaged . | . . . Bothacking | -11 -10 -9 ------------ Run | Scr Mat Mat Used RIF Installer . | . . . Robots Hacked . | . . . Non-combat . | . . . Combat . | . . . Robot Hacks Applied . | . . . Relay Couplers Released . | . . . Fabnet Peak Effective % . | . . . Robots Rewired . | . . . Allies Hacked . | . . . Hacks Repelled . | . . . Allies | -11 -10 -9 -------- Run | Scr Mat Mat Total Allies . | . . . Largest Group . | . . . Highest-Rated Group . | . . . Highest-Rated Ally . | . . . Total Orders . | . . . Ally Attacks . | . . . Total Damage . | . . . Kills . | . . . Allies Corrupted . | . . . Allies Melted . | . . . Intel | -11 -10 -9 ------- Run | Scr Mat Mat Robot Analysis Total . | . . . Derelict Logs Recovered . | . . . Drone Launches . | . . . Drone Recoveries . | . . . Exploration | -11 -10 -9 ------------- Run | Scr Mat Mat Turns Passed 596 | 4 383 209 Spaces Moved 314 | 1 192 121 Core 9 | . . 9 Treads 102 | . 44 58 Legs . | . . . Wheels 203 | 1 148 54 Hover . | . . . Flight . | . . . Fastest Speed 95 | 100 100 95 Average Speed 126 | 100 120 136 Slowest Speed 250 | 100 160 250 Overloaded Moves . | . . . Propulsion Burnouts . | . . . Robots Hopped . | . . . Cave-ins Triggered . | . . . Exploration Rate (%) 18 | 2 37 17 Regions Visited 2 Branch Regions . Pre-discovered Areas . | . . . Known Exits Taken . | . . . Unknown Exits Taken 2 | 1 1 . Scrap Searched . | . . . Spaces Dug . | . . . Terrain Destroyed . | . . . Melee . | . . . Projectile . | . . . AOE . | . . . Terrain Rammed . | . . . Walls Destroyed . | . . . Machines Disabled . | . . . Actions | -11 -10 -9 --------- Run | Scr Mat Mat Total 426 | 4 281 141 Wait 35 | . 32 3 Move 312 | . 191 121 Hop . | . . . Pick Up 9 | . 7 2 Fast Attach 5 | . 3 2 Attach 8 | 2 5 1 Detach . | . . . Swap . | . . . Drop 6 | 2 4 . Fire 50 | . 39 11 Melee 1 | . . 1 Ram . | . . . Kick . | . . . Crush . | . . . Escape Stasis . | . . . Rewire . | . . . Trap . | . . . Miscellaneous . | . . . Route ------- -11/Scrapyard -10/Materials -9/Materials History --------- Turn | Location | Event 5 | -11/Scrapyard | Discovered new exit (range 0) 5 | -11/Scrapyard | Entered Materials 210 | -10/Materials | Discovered new exit (range 13) 268 | -10/Materials | Core integrity fell below 50% 284 | -10/Materials | Core integrity fell below 20% 313 | -10/Materials | Build established: Mutant 321 | -10/Materials | Lost 7 parts (1p3n3w) 369 | -10/Materials | Discovered new exit (range 11) 388 | -10/Materials | Entered another Materials area 388 | -9/Materials | Evolved 2 slots: Propulsion x1, Utility x1 505 | -9/Materials | Core integrity fell below 50% 544 | -9/Materials | Core integrity fell below 20% 546 | -9/Materials | Lost 5 parts (1p1n1u2w) 597 | -9/Materials | Destroyed by Lesser Abomination with Advanced Beam Cannon Last Messages --------------- 00489_ K-01 Serf collects debris. 00503_ Y-45 Defender heat short circuits Lgt. Treads. 00503_ Med. Laser destroyed. 00505_ K-01 Serf collects debris. 00507_ Imp. Ion Engine melted. 00507_ Y-45 Defender destroyed. 00512_ K-01 Serf collects debris. 00515_ Lgt. Assault Rifle destroyed. 00517_ K-01 Serf collects debris. 00520_ Acquired Lgt. Treads. 00521_ K-01 Serf collects debris. 00527_ K-01 Serf destroyed. 00531_ Frozen by Ice Anomaly. 00537_ Lesser Abomination knocked back. 00540_ Lesser Abomination spits out Heat Sink. 00540_ Lesser Abomination absorbs Heat Sink. 00544_ Acquired Wheel. 00548_ Acquired 31 matter. 00549_ Lgt. Treads destroyed. 00580_ U-05 Engineer lays Concrete. Map ----- +----------------------------------------------------+ | ???????????????????????????????????????????? | | ???????????????????????????????????????????? | | ???????????????????????????????????????????? | | ???????????????????????????????????????????? | | ???????????????????????????????????????????? | | ???????????????????????????????????????????? | | ???????????????????????????????????????????? | | ???????????????????????????????????????????? | | ???????????????????????????????????????????? | | ???????????????????????????????????????????? | | ???????????????????????????????????????????? | | ???????????????????????????????????????????? | | ???????????????????????????????????????????? | | ???????????????????????????????????????????? | | ???????????????????????????????????????????? | | ???????????????????????????????????????????? | | ???????????????????????????????????????????? | | ???????????????????????????????????????????? | | ???????????????????????????????????????????? | | ???????????????????????????????????????????? | | ???????????????????????????????????????????? | | ???????????????????????????????????????????? | | ???????????????????????????????????????????? | | ???????????????????????????????????????????? | | ??????????############# ####???????????????? | | ??????????# A@ A ????????? | | ??????????+ % ????????? | | ??????????# A n ????????? | | ??????????## ########+## ?????????? | | ???????????# #? ?????????? | | ???????????# #? ?? ??????????? | | ????######## #? =?? ??????????? | | ????# ! # # ???? ??????????? | | ????# # # ????????????????? | | ????# # # ?????????????????? | | ????# ^+ # ????????????????? | | ????# # # ????????????????? | | ????# #""""""" ????????????????? | | ???## "T" " " ???????????????? | | ???# " " ???????????????? | | ???# [ """ " " ???????????????? | | ???# # """ " " ????????????????? | | ???# """ " " % ???????????????? | | ???# #??????????????????????? | | ???## % #######??????????????????????? | | ????# ##????????????????????????????? | | ???#### # #?????????????????????????????? | | ???# # #????????????????????????????? | | ???# [ # #????????????????????????????? | | ???#% # #???????????????????????????? ? | +----------------------------------------------------+ Best States ------------- Heat Dissipation 28 Energy Generation 10 Energy Capacity 250 Matter Stores 300 Matter Capacity 300 Sight Range 16 Terrain Scan Density 10 Evasion (%) 41 Recoil Reduction 1 Item Schematics ----------------- None Robot Schematics ------------------ None Fabricated ------------ Nothing Alien Tech Used ----------------- None Achievements -------------- None Challenges ------------ None Game ------ Seed MakeshiftEnhancedFlamer Manual? 0 Play Time 00:06:02 Cumulative 674.2 hours Start 2022.11.14 @ 00:25:39 End 2022.11.14 @ 00:30:19 Sessions 1 Manual Loads 0 Difficulty Rogue Special Mode Halloween2019/Abominations Game No. 622 Rogue 622 Adventurer 0 Explorer 0 Win Type - Total 28 Types 12/5/5/1/1/0/3/1/0 Lore% 91 Gallery% 96 Achievement% 80 Wizard Run 0 Options --------- ASCII 0 Keyboard 0 Movement Mouse Keybinds 1 Fullscreen 2 Font 24/Smallcaps Map View 76x50 Tactical HUD 1 Map Filters NONE Filters NONE Steam 1 RUN: c83cbb48-e164-4217-aaf3-d02ea2b1be9f